 Dungeon Crawl Stone Soup version 0.31.0-1-g2c135a008e (webtiles) character file.

Game seed: 13076567988765351111

335 qw the Shooter (level 6, -1/47 HPs)
             Began as a Djinni Hunter on Jan 23, 2024.
             Slain by Pikel
             ... wielding a +2 whip of electrocution
              (10 damage)
             ... on level 5 of the Dungeon.
             The game lasted 00:00:13 (3167 turns).

qw the Shooter (Djinni Hunter)                      Turns: 3167, Time: 00:00:13

Health: -1/47      AC:  7    Str: 10    XL:     6   Next: 84%
Gold:   213        EV: 11    Int: 11    God:
                   SH:  0    Dex: 18

rFire   + + .        a - +1 shortbow
rCold   x . .        (shield currently unavailable)
rNeg    . . .        i - +0 ring mail
rPois   inf          (no helmet)
rElec   .            d - +0 cloak
rCorr   .            j - +0 pair of gloves
SInv    .            (boots unavailable)
Will    .....        (no amulet)
Stlth   +            (no ring)
HPRegen 0.27/turn    (no ring)
MPRegen 0.00/turn

%: infuse magic (-2 HP)
@: about to teleport, flying
A: sickness immunity, fire resistance 2, cold vulnerability 1, float, innate
caster, HP casting, extra vitality 1
a: no special abilities


You were on level 5 of the Dungeon.
You visited 1 branch of the dungeon, and saw 5 of its levels.

You collected 213 gold pieces.


Innate Abilities, Weirdness & Mutations

You are immune to sickness and miasma.
You are immune to poison.
Your flesh is very heat resistant. (rF++)
You are vulnerable to cold. (rC-)
You float through the air rather than walking.
You learn spells naturally, not from books.
Your magical power is your life essence.
You have superior vitality. (+4 MHP)


   Skills:
 - Level 4.0 Fighting
 + Level 5.1 Ranged Weapons
 - Level 1.3 Armour
 - Level 3.0 Dodging
 - Level 0.7 Stealth


You knew the following spells:

 Your Spells              Type           Power      Damage    Failure   Level
a - Freeze                Ice            0%         1d3       65%         1
b - Static Discharge      Conj/Air       0%         3-3/arc   80%         2
Your spell library was empty.

Inventory:

Hand Weapons
 a - a +1 shortbow (weapon)
Armour
 d - a +0 cloak (worn)
 i - a +0 ring mail (worn)
 j - a +0 pair of gloves (worn)
Wands
 h - a wand of flame (29)
Scrolls
 c - a scroll of teleportation
 f - 2 scrolls of identify
Potions
 b - a potion of curing
 e - 2 potions of haste
 g - 3 potions of might

Dungeon Overview and Level Annotations

Branches:
Dungeon (5/15)
 Temple: D:4-7

Altars:

Annotations:
D:4 3 runed translucent doors, qw's ghost, amateur GrHu; qw's ghost, novice GrHu
D:5 Pikel


Message History

Pikel is moderately wounded.
The hound barely misses you. The hound bites you but does no damage.
You shoot an arrow. The arrow hits the hound.
You kill the hound!
You shoot an arrow. The arrow hits the lemure.
The lemure is moderately wounded.
The lemure hits you but does no damage.
You shoot an arrow. The arrow closely misses Pikel.
The arrow barely misses the lemure.
Pikel misses you.
You shoot an arrow.
The arrow hits Pikel but does no damage.
Pikel is moderately wounded.
Pikel hits you with a +2 whip of electrocution.
You are electrocuted!
You shoot an arrow.
The arrow hits Pikel but does no damage.
Pikel is moderately wounded.
Pikel hits you with a +2 whip of electrocution.
You shoot an arrow.
The arrow hits Pikel but does no damage.
Pikel is moderately wounded.
Pikel hits you with a +2 whip of electrocution. x2
3164 ||| READING 2 scrolls of teleportation.
As you read the scroll of teleportation, it crumbles to dust.
You feel strangely unstable. Pikel closely misses you.
You shoot an arrow. The arrow misses Pikel.
The arrow barely misses the lemure.
Pikel closely misses you.
You shoot an arrow.
The arrow hits Pikel but does no damage.
Pikel is moderately wounded.
Pikel barely misses you.
You shoot an arrow.
The arrow hits Pikel but does no damage.
Pikel is moderately wounded.
Pikel hits you with a +2 whip of electrocution.
You are electrocuted!
You die...
Pikel says, "Another soul for the market."

....# #.#..
..#.#.#. ....#
#.#.# ..#.#...
#####
#.#.####.....#
#.#.#........
#.#.#.#..#.###.
#...#.#.....5K.
#..(...55#
#..##%##K#
#....).#@#
#...#..#.#
......#..#.#
###...#..#.#
#......#.# ...
#..#.# ...
...#.# ...#.#


You could see Pikel and 2 lemures.

Vanquished Creatures
  An ogre (D:4)
  A scorpion (D:5)
  A hound (D:5)
  An iguana (D:5)
  Ijyb (D:5)
  A gnoll (D:3)
  3 adders
  3 ribbon worms
  2 dart slugs (D:2)
  6 orcs
  An endoplasm (D:4)
  5 giant cockroaches
  3 hobgoblins (D:3)
  3 jackals (D:2)
  8 quokkas
  6 ball pythons
  6 bats
  2 frilled lizards
  3 goblins
  9 kobolds
  3 rats
69 creatures vanquished.

Notes
Turn   | Place    | Note
-------+----------+-------------------------------------------
     0 | D:1      | qw the Djinni Hunter began the quest for the Orb.
     0 | D:1      | Reached XP level 1. HP: 18/18 MP: 0/0
     0 | D:1      | 0 ||| qw: Version: 0.3-a-135-gb77e89d
     0 | D:1      | 0 ||| qw: Game counter: 783
     0 | D:1      | 0 ||| qw: Melee chars always use a shield: true
     0 | D:1      | 0 ||| qw: God list: Okawaru
     0 | D:1      | 0 ||| qw: Allow faded altars: false
     0 | D:1      | 0 ||| qw: Do Orc after clearing Dungeon:15 true
     0 | D:1      | 0 ||| qw: Do second Lair branch before Depths: true
     0 | D:1      | 0 ||| qw: Lair rune preference: random
     0 | D:1      | 0 ||| qw: Goals: Normal
     0 | D:1      | 0 ||| PLANNING D:1-11
    85 | D:1      | You are sucked into a shaft and drop 1 floor!
   145 | D:2      | Reached XP level 2. HP: 23/23 MP: 0/0
   337 | D:2      | 337 ||| READING 2 scrolls labelled NIUJAKH WOOSI.
   338 | D:2      | 338 ||| READING 2 scrolls labelled JIKHLA ODIBEWNE.
   339 | D:2      | 339 ||| READING 2 scrolls labelled JULOUWICIDGH.
   342 | D:2      | Found a faded altar of an unknown god.
   343 | D:2      | 343 ||| DROPPING scroll of butterflies.
   344 | D:2      | 344 ||| DROPPING scroll of poison.
   345 | D:2      | 345 ||| DROPPING scroll of amnesia.
   346 | D:2      | 346 ||| Stepping randomly (stuck).
   347 | D:2      | 347 ||| Stepping randomly (stuck).
   348 | D:2      | 348 ||| Stepping randomly (stuck).
   349 | D:2      | 349 ||| Stepping randomly (stuck).
   350 | D:2      | 350 ||| Stepping randomly (stuck).
   351 | D:2      | 351 ||| Stepping randomly (stuck).
   352 | D:2      | 352 ||| Stepping randomly (stuck).
   353 | D:2      | 353 ||| Stepping randomly (stuck).
   354 | D:2      | 354 ||| Stepping randomly (stuck).
   355 | D:2      | 355 ||| Stepping randomly (stuck).
   356 | D:2      | 356 ||| Stepping randomly (stuck).
   357 | D:2      | 357 ||| Stepping randomly (stuck).
   358 | D:2      | 358 ||| Stepping randomly (stuck).
   359 | D:2      | 359 ||| Stepping randomly (stuck).
   360 | D:2      | 360 ||| Stepping randomly (stuck).
   361 | D:2      | 361 ||| Stepping randomly (stuck).
   362 | D:2      | 362 ||| Stepping randomly (stuck).
   363 | D:2      | 363 ||| Stepping randomly (stuck).
   364 | D:2      | 364 ||| Stepping randomly (stuck).
   365 | D:2      | 365 ||| Stepping randomly (stuck).
   366 | D:2      | 366 ||| Stepping randomly (stuck).
   367 | D:2      | 367 ||| Stepping randomly (stuck).
   368 | D:2      | 368 ||| Stepping randomly (stuck).
   369 | D:2      | 369 ||| Stepping randomly (stuck).
   370 | D:2      | 370 ||| Stepping randomly (stuck).
   371 | D:2      | 371 ||| Stepping randomly (stuck).
   372 | D:2      | 372 ||| Stepping randomly (stuck).
   373 | D:2      | 373 ||| Stepping randomly (stuck).
   374 | D:2      | 374 ||| Stepping randomly (stuck).
   375 | D:2      | 375 ||| Stepping randomly (stuck).
   376 | D:2      | 376 ||| Stepping randomly (stuck).
   377 | D:2      | 377 ||| Stepping randomly (stuck).
   378 | D:2      | 378 ||| Stepping randomly (stuck).
   379 | D:2      | 379 ||| Stepping randomly (stuck).
   380 | D:2      | 380 ||| Stepping randomly (stuck).
   381 | D:2      | 381 ||| Stepping randomly (stuck).
   382 | D:2      | 382 ||| Stepping randomly (stuck).
   383 | D:2      | 383 ||| Stepping randomly (stuck).
   384 | D:2      | 384 ||| Stepping randomly (stuck).
   385 | D:2      | 385 ||| Stepping randomly (stuck).
   386 | D:2      | 386 ||| Stepping randomly (stuck).
   387 | D:2      | 387 ||| Stepping randomly (stuck).
   388 | D:2      | 388 ||| Stepping randomly (stuck).
   389 | D:2      | 389 ||| Stepping randomly (stuck).
   390 | D:2      | 390 ||| Stepping randomly (stuck).
   391 | D:2      | 391 ||| Stepping randomly (stuck).
   392 | D:2      | 392 ||| Stepping randomly (stuck).
   393 | D:2      | 393 ||| Stepping randomly (stuck).
   394 | D:2      | 394 ||| Stepping randomly (stuck).
   395 | D:2      | 395 ||| Stepping randomly (stuck).
   396 | D:2      | 396 ||| Stepping randomly (stuck).
   397 | D:2      | 397 ||| READING scroll of teleportation.
   564 | D:1      | 564 ||| READING scroll labelled WAESUT BUOSK.
   684 | D:1      | Reached XP level 3. HP: 28/28 MP: 0/0
   684 | D:1      | Learned a level 1 spell: Freeze
   833 | D:1      | 833 ||| UPGRADING to +0 cloak.
   892 | D:2      | Reached skill level 4 in Ranged Weapons
  1262 | D:2      | 1262 ||| UPGRADING to +0 ring mail.
  1272 | D:2      | 1272 ||| DROPPING +0 leather armour.
  1273 | D:2      | 1273 ||| UPGRADING to +0 pair of gloves.
  1278 | D:2      | 1278 ||| DRINKING 3 yellow potions.
  1279 | D:2      | 1279 ||| DROPPING 2 potions of magic.
  1376 | D:3      | Reached skill level 1 in Armour
  1376 | D:3      | Reached XP level 4. HP: 34/34 MP: 0/0
  1863 | D:3      | Reached skill level 3 in Fighting
  2192 | D:3      | 2192 ||| READING scroll labelled RERIKU JAYDI.
  2193 | D:3      | 2193 ||| READING scroll labelled SOERRI TYASCH.
  2194 | D:3      | 2194 ||| READING 2 scrolls labelled COEFFU TAFYAF.
  2194 | D:3      | 2194 ||| IDENTIFYING sapphire potion
  2195 | D:3      | 2195 ||| READING scroll of identify.
  2195 | D:3      | 2195 ||| IDENTIFYING metallic purple potion
  2196 | D:3      | 2196 ||| READING scroll labelled INLEPOACHO.
  2196 | D:3      | 2196 ||| ENCHANTING +0 shortbow.
  2197 | D:3      | 2197 ||| DRINKING 2 murky sapphire potions.
  2198 | D:3      | 2198 ||| DRINKING 4 lumpy ruby potions.
  2199 | D:3      | 2199 ||| DROPPING potion of invisibility.
  2247 | D:4      | Found a runed translucent gate.
  2248 | D:4      | Found a runed translucent gate.
  2249 | D:4      | Found a runed translucent gate.
  2251 | D:4      | Noticed qw's ghost (amateur GrHu)
  2251 | D:4      | Noticed qw's ghost (novice GrHu)
  2251 | D:4      | Noticed qw's ghost (amateur GrHu)
  2298 | D:4      | Noticed an ogre
  2305 | D:4      | Killed an ogre
  2306 | D:4      | Reached XP level 5. HP: 19/40 MP: 0/0
  2306 | D:4      | Learned a level 2 spell: Static Discharge
  2721 | D:4      | Reached skill level 5 in Ranged Weapons
  2749 | D:4      | Reached XP level 6. HP: 46/46 MP: 0/0
  2880 | D:4      | 2880 ||| READING 3 scrolls of identify.
  2880 | D:4      | 2880 ||| IDENTIFYING scroll labelled IZICOQ WEUTEAS
  2881 | D:4      | 2881 ||| DROPPING scroll of revelation.
  2912 | D:5      | Entered Level 5 of the Dungeon
  2925 | D:5      | HP: 11/46 [iguana (8)]
  2926 | D:5      | 2926 ||| READING 3 scrolls of teleportation.
  2928 | D:5      | Reached skill level 3 in Dodging
  3088 | D:5      | Noticed Ijyb
  3109 | D:5      | Killed Ijyb
  3144 | D:5      | Noticed Pikel
  3146 | D:5      | 3146 ||| RETREEEEATING.
  3150 | D:5      | 3150 ||| RETREEEEATING.
  3163 | D:5      | HP: 11/47 [Pikel/+2 whip of electrocution (3)]
  3164 | D:5      | 3164 ||| READING 2 scrolls of teleportation.
  3167 | D:5      | Slain by Pikel

Levels and vault maps discovered:
D:1:      tarquinn_simple_flora_water_a, layout_rooms, hangedman_glass_teeth
D:2:      layout_loops_ring, shapermc_ecumenical_altar_mp_vishouse
D:3:      minmay_inner_zag, layout_basic
D:4:      layout_basic, gammafunk_ghost_cemetery
D:5:      layout_basic, uniq_ijyb, uniq_pikel

Skill      XL: |  1  2  3  4  5  6 |
---------------+-------------------+-----
Ranged Weapons | 4 5 |  5.1
Armour         | 1 |  1.3
Fighting       | 3 4 |  4.0
Dodging        | 3 |  3.0
Stealth        | |  0.7

Action                     |  1- 3 |  4- 6 || total
---------------------------+-------+-------++-------
   Fire: Shortbow          |    94 |   179 ||   273
    Use: Scroll            |     5 |     8 ||    13
         Potion            |     1 |     2 ||     3
 Armour: Leather armour    |    18 |       ||    18
         Ring mail         |     4 |    79 ||    83
  Dodge: Dodged            |    22 |    64 ||    86

Table legend:
 A = Non-vault XP
 B = Vault XP
 C = Vault XP percentage of total XP
 D = Non-vault monster count
 E = Vault monster count
 F = Vault count percentage of total count
                 A         B        C        D         E       F
            +---------+---------+-------+---------+---------+-------
      Total |     424 |      55 |  11.5 |      64 |       5 |   7.2
            +---------+---------+-------+---------+---------+-------
        D:1 |      22 |       0 |   0.0 |      16 |       0 |   0.0
        D:2 |      24 |       0 |   0.0 |      10 |       0 |   0.0
        D:3 |      48 |      20 |  29.4 |      16 |       4 |  20.0
        D:4 |     168 |       0 |   0.0 |      19 |       0 |   0.0
        D:5 |     162 |      35 |  17.8 |       3 |       1 |  25.0
            +---------+---------+-------+---------+---------+-------
